 Dungeon Crawl Stone Soup version 0.31.0-32-g396128a36d (webtiles) character file.

Game seed: 1289564527301939329

2218 firemarshallily the Thaumaturge (level 9, -3/89 HPs)
             Began as an Oni Necromancer on Apr 9, 2024.
             Was an Initiate of Kikubaaqudgha.
             Succumbed to a killer bee's poison
             ... on level 7 of the Dungeon on Apr 10, 2024.
             The game lasted 00:20:28 (8178 turns).

firemarshallily the Thaumaturge (Oni Necromancer)   Turns: 8178, Time: 00:20:29

Health: -3/89      AC:  7    Str: 20    XL:     9   Next: 35%
Magic:  18/21      EV: 10    Int: 26    God:    Kikubaaqudgha [......]
Gold:   489        SH:  0    Dex:  9    Spells: 16/24 levels left

rFire   + . .        c - +0 whip
rCold   + . .        (no shield)
rNeg    . . .        a - +0 robe
rPois   +            e - +2 hat
rElec   +            m - +1 cloak
rCorr   +            (gloves unavailable)
SInv    .            (boots unavailable)
Will    .....        w - amulet of the acrobat
Stlth   +            d - +6 ring of intelligence
HPRegen 0.34/turn    l - +6 ring of strength
MPRegen 0.17/turn

%: acrobat
@: brilliant, lethally poisoned (-3 -> -33), resistant
A: large, unfitting armour, horns 1, tough skin 1, double potion healing,
drunken brawling
a: Renounce Religion


You were on level 7 of the Dungeon.
You worshipped Kikubaaqudgha.
Kikubaaqudgha was noncommittal.
You visited 2 branches of the dungeon, and saw 9 of its levels.

You collected 489 gold pieces.

Inventory:

Hand Weapons
 c - a +0 whip (weapon)
Missiles
 n - 8 javelins
 B - a throwing net
Armour
 a - a +0 robe (worn)
 e - a +2 hat (worn)
 m - a +1 cloak (worn)
Jewellery
 d - a +6 ring of intelligence (left hand)
 h - a ring of protection from cold
 i - a ring of flight
 l - a +6 ring of strength (right hand)
 w - an amulet of the acrobat (around neck)
 z - an amulet of regeneration
Wands
 D - a wand of flame (20)
Scrolls
 f - a scroll of fear {unknown}
 g - 8 scrolls of identify {unknown}
 j - 2 scrolls of enchant armour
 k - 4 scrolls of vulnerability {unknown}
 o - a scroll of teleportation {unknown}
 p - a scroll of revelation {unknown}
 q - a scroll of fog {unknown}
 r - a scroll of noise {unknown}
 y - a scroll of poison {unknown}
Potions
 b - a potion of magic
 s - 2 potions of degeneration
 t - a potion of brilliance
 v - a potion of enlightenment {unknown}
 A - a potion of heal wounds
 C - a potion of haste {unknown}


   Skills:
 + Level 6.1 Fighting
 + Level 4.6 Dodging
 - Level 1.4 Stealth
 * Level 8.2 Spellcasting
 * Level 7.4 Necromancy


You had 16 spell levels left.
You knew the following spells:

 Your Spells              Type           Power      Damage    Failure   Level
a - Necrotise             Necr           100%       1d9       1%          1
b - Vampiric Draining     Necr           65%        2d10      1%          3
c - Animate Dead          Necr           65%        N/A       2%          4

Your spell library contained the following spells:

 Spells                   Type           Power      Damage    Failure   Level
 Curse of Agony           Necr           65%        N/A       7%          5
 Blink                    Tloc           32%        N/A       9%          2
 Lesser Beckoning         Tloc           32%        N/A       9%          2
 Momentum Strike          Conj/Tloc      32%        3d8       9%          2
 Manifold Assault         Tloc           16%        N/A       50%         4
 Dispersal                Tloc           8%         N/A       100%        6
 Polar Vortex             Ice            8%         12d1*     100%        9


Dungeon Overview and Level Annotations

Branches:
Dungeon (8/15)             Temple (1/1) D:7
   Lair: D:8-11

Altars:
Ashenzari
Cheibriados
Dithmenos
Elyvilon
Fedhas
Gozag
Hepliaklqana
Kikubaaqudgha
Makhleb
Nemelex Xobeh
Okawaru
Qazlal
Sif Muna
Uskayaw
Vehumet
Wu Jian
Xom
Yredelemnul
Zin
The Shining One

Annotations:
D:8 Gastronok


Innate Abilities, Weirdness & Mutations

You are too large for most types of armour.
You have a pair of small horns on your head.
You have tough skin. (AC +1)
You gain doubled healing and magic from potions.
Whenever you drink a healing potion, you attack all around you.


Message History

You barely miss the killer bee. Your headbutt misses the killer bee.
You hit the killer bee. You headbutt the killer bee.
The killer bee is lightly wounded.
You hit the yak. You headbutt the yak.
The yak is moderately wounded.
You savour every drop.
You feel much better.
You feel extremely sick. The killer bee stings you.
The killer bee stings you but does no damage.
The yak gores you! The yak gores you. The killer bee stings you.
The killer bee stings you but does no damage.
It was a potion of brilliance.
You feel clever all of a sudden.
You feel very sick. The killer bee barely misses you.
The killer bee stings you.
You are more poisoned.
The killer bee poisons you! The yak barely misses you. The yak gores you!
* * * LOW HITPOINT WARNING * * *
The killer bee completely misses you.
The killer bee stings you but does no damage.
As you read the scroll labelled JAOCEN VAHUSY, it crumbles to dust.
It is a scroll of enchant armour.
Your +1 hat glows green for a while.
* * * LOW HITPOINT WARNING * * *
You feel very sick. The killer bee stings you.
* * * LOW HITPOINT WARNING * * *
You are more poisoned.
The killer bee poisons you! The killer bee stings you.
* * * LOW HITPOINT WARNING * * *
The yak closely misses you. The yak gores you!
* * * LOW HITPOINT WARNING * * *
The killer bee stings you.
* * * LOW HITPOINT WARNING * * *
The killer bee completely misses you.
Okay, then.
It was a potion of resistance.
You feel protected.
You die...
Kikubaaqudgha rasps: "You have failed me!
Welcome... death!"

..####.......#.......[...........
.###...)...........#.##....#.#.#.
###..........#.....#....##.#.#.#.
#..####.###.#.......#.........[.
##..##..)# #.#.......#.##.#.##.#.
#...#....# #.#............#....#.
#...#....###.#.....##.#.#...#....
#.......(##..#...Y....#.#.>.#.##.
....#######..#..@y..#............
....# ###...#.Y.y..#....#.#.#...
....####.....#........##.#.#.#.#.
.............#.....#...........#.
##############.....#.#.#.##.#....
#.....##...#........#.#....#.##.
#.....##...#.........^..........
#..........#.........######....#
#..........+........## #....#


You could see 2 yaks and 2 killer bees.

Vanquished Creatures
  2 yaks
  A steam dragon (D:7)
  An orc warrior (D:6)
  A sky beast (D:6)
  A black bear (D:7)
  2 ogres (D:6)
  2 phantoms (D:4)
  2 bullfrogs
  A howler monkey (D:8)
  4 electric eels (D:6)
  A gnoll bouda (D:7)
  2 hounds
  2 orc priests
  6 iguanas
  3 sleepcaps
  6 orc wizards
  3 gnolls (D:2)
  7 adders
  A shadow imp (D:6)
  A white imp (D:5)
  2 dart slugs (D:1)
  3 ribbon worms
  20 orcs
  7 endoplasms
  3 giant cockroaches
  7 hobgoblins
  2 jackals (D:1)
  6 kobolds
  2 quokkas
  4 ball pythons
  6 bats
  3 frilled lizards
  8 goblins
  3 rats
125 creatures vanquished.

Vanquished Creatures (collateral kills)
  A killer bee (D:7)
  An orc wizard (D:4)
  A gnoll (D:1)
  3 adders
  A jackal (D:1)
  A rat (D:2)
8 creatures vanquished.

Vanquished Creatures (others)
  A howler monkey (D:6)
  An orc wizard (D:6)
2 creatures vanquished.

Grand Total: 135 creatures vanquished

Notes
Turn   | Place    | Note
-------+----------+-------------------------------------------
     0 | D:1      | firemarshallily the Oni Necromancer began the quest for the
                  | Orb.
     0 | D:1      | Reached XP level 1. HP: 16/16 MP: 3/3
   173 | D:1      | Reached XP level 2. HP: 24/26 MP: 5/5
   410 | D:1      | Reached skill level 1 in Fighting
   410 | D:1      | Reached skill level 3 in Spellcasting
   410 | D:1      | Reached XP level 3. HP: 21/33 MP: 1/7
  1344 | D:2      | Reached XP level 4. HP: 17/41 MP: 0/9
  1751 | D:2      | Got the Compilation of Azure Location
  1997 | D:2      | Learned a level 3 spell: Vampiric Draining
  2002 | D:2      | Learned a level 4 spell: Animate Dead
  2357 | D:3      | Reached XP level 5. HP: 49/49 MP: 7/10
  2917 | D:4      | Noticed a phantom
  2943 | D:4      | Killed a phantom
  2944 | D:4      | Reached skill level 4 in Spellcasting
  3042 | D:4      | Reached XP level 6. HP: 59/59 MP: 6/12
  3124 | D:4      | Reached skill level 5 in Necromancy
  3173 | D:4      | Found a snail-covered altar of Cheibriados.
  3676 | D:5      | Entered Level 5 of the Dungeon
  3705 | D:5      | Reached skill level 5 in Spellcasting
  3900 | D:5      | Reached XP level 7. HP: 39/67 MP: 0/14
  4382 | D:5      | Found a glowing silver altar of Zin.
  5075 | D:6      | Reached skill level 6 in Spellcasting
  5106 | D:6      | Reached XP level 8. HP: 23/78 MP: 4/17
  6041 | D:6      | Found a white marble altar of Elyvilon.
  6137 | D:6      | Found a blossoming altar of Fedhas.
  6147 | D:6      | Identified the +0 pair of gloves of Lissaki {-Tele rPois
                  | Will+}
  6498 | D:6      | Reached skill level 5 in Fighting
  6498 | D:6      | Reached skill level 7 in Spellcasting
  6617 | D:6      | Found an ornate altar of the Wu Jian Council.
  6855 | D:7      | Found a staircase to the Ecumenical Temple.
  6864 | Temple   | Entered the Ecumenical Temple
  6873 | Temple   | Became a worshipper of Kikubaaqudgha
  7262 | D:7      | Reached XP level 9. HP: 61/88 MP: 13/20
  7922 | D:8      | Found a hazy altar of Hepliaklqana.
  7989 | D:8      | Noticed Gastronok
  7992 | D:8      | Reached skill level 8 in Spellcasting
  8177 | D:7      | HP: 4/89 [killer bee (2)]
  8178 | D:7      | Succumbed to a killer bee's poison

Illustrated notes

Levels and vault maps discovered:
D:1:      dpeg_arrival_tiny_j, layout_basic
D:2:      layout_basic, kennysheep_generic_room_3
D:3:      layout_rooms
D:4:      layout_cave_pools, lemuel_doored_altar, minmay_small_thing
D:5:      layout_basic, zin_academy, hangedman_decor_opposing,
          minmay_misc_feat_enclosed, kennysheep_generic_room_15
D:6:      layout_rooms, elyvilon_altar_3, amcnicky_altar_gilded,
          mainiacjoe_overflow_alcove_2, serial_bayou, serial_bayou_pond_e,
          serial_bayou_pond_c, serial_bayou_lake_a, serial_bayou_pond_e,
          serial_bayou_crossing
D:7:      minmay_recursive_quarters, layout_gridville, minmay_temple_entry_ruins
D:8:      layout_cave_pools, mainiacjoe_overflow_boulevard,
          nzn_hepliaklqana_mist_gate, gammafunk_ghost_icy,
          hangedman_abyss_or_decor_passed, uniq_gastronok
Temple:   nicolae_temple_two_arcs

Skill      XL: |  1  2  3  4  5  6  7  8  9 |
---------------+----------------------------+-----
Dodging        | 2 3 4 |  4.6
Fighting       | 1 2 3 4 5 6 |  6.1
Spellcasting   | 3 4 5 6 7 8 |  8.2
Necromancy     | 4 5 7 |  7.4
Stealth        | |  1.4

Action                     |  1- 3 |  4- 6 |  7- 9 || total
---------------------------+-------+-------+-------++-------
  Melee: Whip              |    35 |    56 |    65 ||   156
         Headbutt          |     8 |     5 |     8 ||    21
         Punch             |       |     1 |     2 ||     3
  Throw: Stone             |     1 |     3 |       ||     4
   Cast: Necrotise         |    48 |    79 |   197 ||   324
         Vampiric Draining |       |     1 |     2 ||     3
    Use: Potion            |       |     5 |     8 ||    13
         Scroll            |       |       |     1 ||     1
   Stab: Sleeping          |     1 |     1 |       ||     2
         Distracted        |     1 |       |       ||     1
 Armour: Robe              |    59 |    69 |   202 ||   330
         Skin              |       |     3 |       ||     3
  Dodge: Dodged            |    35 |    36 |   100 ||   171
